AoeStats
← Bullsey59

Black Forest

503191140Analyzed
2v2 RM · 1mo ago on Aug 30, 2026· 18m 47s· 4 players
Game mode
Random Map
Map size
Medium (4 player)
Population
200
Speed
Normal
Resources
Standard
Victory
Conquest
Starting age
Dark Age
Ending age
Imperial Age
RankedLock teamsTeams togetherTeam positionsShared explorationLock speedFull tech treeHidden civsTurbo modeCheats
Victory
Defeat
🇩🇪 Vietnamese · Germany
970
+17
🇩🇪 Bohemians · Germany
920
+20
🇩🇪 Bohemians · Germany
1000
-57
🇩🇪 Franks · Germany
1000
-57
Pickle.Rick
11:24 Feudal Age
12:50 Loom
15:17 Castle Age
13:48 Double-Bit Axe
16:12 Fletching
16:34 Forging
16:55 Bow Saw
David Ygra
0:45 Loom
13:09 Feudal Age
14:49 Man-at-Arms
15:16 Arson
17:27 Horse Collar
Momo
11:47 Feudal Age
12:07 Loom
14:26 Double-Bit Axe
14:26 Horse Collar
Bullsey59
10:49 Feudal Age
16:48 Castle Age
16:13 Wheelbarrow
15:30 Double-Bit Axe
17:44 Fletching
Connection lost

Rejoining the realm…

Still unreachable

The connection could not be restored.

Session expired

The server has moved on; the page needs a fresh start.